 Dungeon Crawl Stone Soup version 0.29.1-1-gd02db6906a (webtiles) character file.

Game seed: 3226867149461239253

93 Demigod47 the Trooper (level 4, -3/41 HPs)
             Began as a Minotaur Fighter on Oct 13, 2022.
             Killed by divine providence
             ... invoked by an orc priest
              (16 damage)
             ... on level 3 of the Dungeon.
             The game lasted 00:04:16 (2164 turns).

Demigod47 the Trooper (Minotaur Fighter)            Turns: 2164, Time: 00:04:17

Health: -3/41      AC:  9    Str: 22    XL:     4   Next: 36%
Magic:  3/3        EV:  9    Int:  5    God:
Gold:   90         SH:  4    Dex: 10    Spells: 3/3 levels left

rFire   . . .      SeeInvis .   a - +0 flail (freeze)
rCold   . . .      Faith    .   c - +0 buckler
rNeg    . . .      Spirit   .   b - +0 scale mail
rPois   .          Reflect  .   (helmet restricted)
rElec   .          Harm     .   (no cloak)
rCorr   .          Rampage  .   j - +0 pair of gloves
Will    .....                   f - +0 pair of boots
Stlth   ..........              (no amulet)
HPRegen 0.13/turn               (no ring)
MPRegen 0.08/turn               (no ring)

@: no status effects
A: horns 2, retaliatory headbutt
a: no special abilities


You were on level 3 of the Dungeon.
You visited 1 branch of the dungeon, and saw 3 of its levels.

You collected 90 gold pieces.

Inventory:

Hand Weapons
 a - a +0 flail of freezing (weapon)
Armour
 b - a +0 scale mail (worn)
 c - a +0 buckler (worn)
 f - a +0 pair of boots (worn)
 j - a +0 pair of gloves (worn)
Scrolls
 e - a scroll of enchant weapon {unknown}
 g - a scroll of teleportation
 h - a scroll of brand weapon
 i - a scroll of identify
Potions
 d - 2 potions of might
 k - a potion of heal wounds {unknown}


   Skills:
 + Level 4.5 Fighting
 + Level 3.3 Maces & Flails
 + Level 4.4 Armour
 + Level 0.8 Dodging
 + Level 4.2 Shields


You had 3 spell levels left.
You didn't know any spells.
Your spell library contained the following spells:

 Spells                   Type           Power      Damage    Failure   Level
 Magic Dart               Conj           0%         1d3       87%         1
 Call Imp                 Summ           0%         N/A       95%         2
 Inner Flame              Hex/Fire       0%         N/A       99%         3
 Mephitic Cloud           Conj/Pois/Air  0%         N/A       99%         3
 Cause Fear               Hex            0%         N/A       100%        4
 Discord                  Hex            0%         N/A       100%        8


Dungeon Overview and Level Annotations

Branches:
Dungeon (3/15)

Altars:
Qazlal


Innate Abilities, Weirdness & Mutations

You have a pair of horns on your head.
You reflexively headbutt those who attack you in melee.


Message History

You hit the endoplasm. You freeze the endoplasm.
You kill the endoplasm!
A goblin comes into view. It is wielding a +0 club.
The goblin shouts!
A goblin is nearby!
The goblin hits you but does no damage.
You hit the goblin but do no damage. The goblin hits you but does no damage.
You closely miss the goblin. You headbutt the goblin.
The goblin is severely wounded.
The goblin hits you but does no damage. x2
You hit the goblin. You freeze the goblin.
You kill the goblin!
Things that are here:
a +0 club; a goblin corpse
Found a stone staircase leading down.
There is a stone staircase leading down here.
You open the door.
Found a stone staircase leading up.
There is an open door here.
Found a ring mail.
You open the door.
There is an open door here.
An orc priest and an orc come into view.
The orc priest shouts!
You hear a shout!
The orc moves out of view.
An orc comes into view. It is wielding a +0 hand axe.
The orc priest calls down the wrath of Beogh upon you.
Pain shoots through your body!
An orc priest comes into view. It is wielding a +0 dagger.
You completely miss the orc priest.
The orc priest hits you but does no damage.
You closely miss the orc priest.
You headbutt the orc priest, but do no damage.
The orc priest hits you with a +0 short sword.
The orc priest invokes the aid of Beogh against you.
Beogh smites you!
You barely miss the orc.
The orc priest calls down the wrath of Beogh upon you.
Beogh smites you!
You die...

#....#.# #.#
#.# #.#
######.#
#.#####.# #.#
#.#.....# #.#
#.#.########.#
#.#..........#
#.############
#.# #.####.#
#o.ooo@#
########


You could see 2 orc priests and 2 orcs.

Vanquished Creatures
  3 adders (D:2)
  A worm (D:2)
  2 dart slugs
  An orc (D:3)
  10 ball pythons
  3 bats
  10 endoplasms
  A giant cockroach (D:2)
  4 goblins
  A hobgoblin (D:1)
  5 quokkas
  4 frilled lizards
  3 kobolds
  9 rats
57 creatures vanquished.

Notes
Turn   | Place    | Note
-------+----------+-------------------------------------------
     0 | D:1      | Demigod47 the Minotaur Fighter began the quest for the Orb.
     0 | D:1      | Reached XP level 1. HP: 19/19 MP: 0/0
   114 | D:1      | Reached XP level 2. HP: 23/27 MP: 1/1
   823 | D:2      | Reached XP level 3. HP: 33/33 MP: 2/2
  1023 | D:2      | Found a faded altar of an unknown god.
  1295 | D:2      | Reached XP level 4. HP: 41/41 MP: 3/3
  1671 | D:3      | Identified the +0 broad axe "Xenaduseve" {vorpal, rF+ Int+3
                  | Stlth+}
  1797 | D:3      | Found a stormy altar of Qazlal.
  2164 | D:3      | Killed from afar by an orc priest

Illustrated notes

Levels and vault maps discovered:
D:1:      pf_arrival_petrified_forest, layout_rooms, hangedman_decor_opposing
D:2:      minmay_angry_zag, layout_basic, nicolae_ecumenical_snake_handling
D:3:      layout_basic, nicolae_qazlal_eye_of_the_storm,
          hangedman_decor_clover_reticule

Skill      XL: |  1  2  3 |
---------------+----------+-----
Fighting       | 4 |  4.5
Armour         | 4 |  4.4
Shields        | 4 |  4.2
Maces & Flails | 3 |  3.3
Dodging        | |  0.8

Action                   |  1- 3 |  4- 6 || total
-------------------------+-------+-------++-------
Melee: Flail             |    90 |    33 ||   123
       Headbutt          |     7 |     2 ||     9
  Use: Scroll            |       |     3 ||     3
       Potion            |       |     1 ||     1
Armor: Scale mail        |    77 |    13 ||    90
Dodge: Dodged            |    65 |     6 ||    71
Block: Buckler           |    28 |    10 ||    38
